 Dungeon Crawl Stone Soup version 0.28-a0-1032-ga8db75c868 (webtiles) character file.

Game seed: 515263637067606371

41 DrunkBamboolord the Skirmisher (level 3, -3/29 HPs)
             Began as a Demonspawn Abyssal Knight on Dec 7, 2021.
             Was a Follower of Lugonu.
             Killed from afar by Sigmund (9 damage)
             ... with a magic dart
             ... on level 2 of the Dungeon.
             The game lasted 00:03:51 (1736 turns).

DrunkBamboolord the Skirmisher (DsAK)               Turns: 1736, Time: 00:03:51

Health: -3/29      AC:  3    Str: 15    XL:     3   Next: 32%
Magic:  5/5        EV: 11    Int: 11    God:    Lugonu [*.....]
Gold:   12         SH:  0    Dex: 13    Spells: 2/2 levels left

rFire   . . .      SeeInvis .   a - +1 falchion
rCold   . . .      Faith    .   (no shield)
rNeg    . . .      Spirit   .   b - +0 leather armour
rPois   .          Reflect  .   (no helmet)
rElec   .          Harm     .   (no cloak)
rCorr   .          Rampage  .   (no gloves)
Will    .....                   (no boots)
Stlth   +.........              (no amulet)
HPRegen 0.09/turn               (no ring)
MPRegen 0.18/turn               (no ring)

@: no status effects
A: spiny 1, magic regeneration
a: Renounce Religion, Depart the Abyss


You were on level 2 of the Dungeon.
You worshipped Lugonu.
Lugonu was aware of your devotion.
You visited 1 branch of the dungeon, and saw 2 of its levels.
You visited the Abyss 1 time.

You collected 12 gold pieces.

Inventory:

Hand Weapons
 a - a +1 falchion (weapon)
Armour
 b - a +0 leather armour (worn)
Scrolls
 f - a scroll of brand weapon


   Skills:
 * Level 3.5 Fighting
 * Level 2.4 Long Blades
 * Level 2.2 Armour
 - Level 0.8 Dodging
 * Level 2.7 Invocations


You had 2 spell levels left.
You didn't know any spells.
Your spell library contained the following spells:

 Spells                   Type           Power      Damage    Failure   Level
 Scorch                   Fire           0%         2d5       54%         2
 Flame Wave               Conj/Fire      0%         2d4       99%         4
 Summon Cactus Giant      Summ           0%         N/A       100%        6


Dungeon Overview and Level Annotations

Branches:
Dungeon (2/15)

Altars:
Fedhas

Annotations:
D:2 Sigmund


Innate Abilities, Weirdness & Mutations

You are partially covered in sharp spines.
You regenerate magic rapidly.


Message History

You feel less confused.
You climb downwards.
Level annotation: Sigmund Sigmund misses you.
There is a stone staircase leading up here.
Sigmund barely misses you.
You closely miss Sigmund. Sigmund is struck by your spines.
Sigmund hits you with a +0 scythe!
You hit Sigmund.
Sigmund is lightly wounded.
Sigmund says, "Now you see me, now you don't..."
Sigmund closely misses you.
You hit Sigmund.
Sigmund is moderately wounded.
You closely miss Sigmund.
Sigmund is moderately wounded.
Sigmund hits you with a +0 scythe.
You closely miss Sigmund.
Sigmund is moderately wounded.
Sigmund is struck by your spines. Sigmund barely misses you.
You hit Sigmund.
Sigmund is heavily wounded.
Sigmund is struck by your spines. Sigmund hits you with a +0 scythe!
* * * LOW HITPOINT WARNING * * *
It was a potion of curing.
You feel better.
You barely miss Sigmund.
Sigmund is severely wounded.
Sigmund is struck by your spines. Sigmund hits you with a +0 scythe!
* * * LOW HITPOINT WARNING * * *
You hit Sigmund.
Sigmund is severely wounded.
Sigmund completely misses you.
You closely miss Sigmund.
Sigmund is severely wounded.
Sigmund is struck by your spines. Sigmund hits you but does no damage.
You hit Sigmund.
Sigmund is almost dead.
Sigmund gestures at you while chanting. The magic dart hits you!
You die...

*,*,,*,*,*****,**
*,#..#.,,,,,,,,,*
*,#..#.#,********
*,#..#.#,*
#.#..#.#.########
#.#..#.#........#
######.#..#.######.###
#....#.#..#{...#.<.#
#....#.#..#..#.#@###
#....#.......#.#@#
#....#.#.###.#.#.#
...........#.#.#.#
#....###.#.#.#.#.####
.........#.#........#
.........#.###.#.##.#
.._...####.# #.#.#*,#
......# #.# #.#.#*,*


You could see Sigmund.

Vanquished Creatures
  An adder (D:2)
  2 dart slugs (D:1)
  3 ball pythons (D:1)
  3 bats (D:1)
  3 endoplasms (D:1)
  2 giant cockroaches (D:1)
  5 hobgoblins
  2 frilled lizards (D:1)
  2 goblins (D:1)
  3 kobolds
  A rat (D:1)
27 creatures vanquished.

Notes
Turn   | Place    | Note
-------+----------+-------------------------------------------
     0 | Abyss:1  | DrunkBamboolord the Demonspawn Abyssal Knight began the
                  | quest for the Orb.
     0 | Abyss:1  | Reached XP level 1. HP: 18/18 MP: 2/2
    39 | Abyss:1  | Noticed a thrashing horror
    44 | D:1      | Escaped the Abyss
   566 | D:1      | Gained mutation: You regenerate magic rapidly. [demonic
                  | ancestry]
   566 | D:1      | Reached XP level 2. HP: 24/24 MP: 3/3
   743 | D:1      | Reached * piety under Lugonu
  1011 | D:1      | Found a faded altar of an unknown god.
  1356 | D:1      | Gained mutation: You are partially covered in sharp spines.
                  | [demonic ancestry]
  1356 | D:1      | Reached XP level 3. HP: 25/29 MP: 4/4
  1473 | D:2      | Found a blossoming altar of Fedhas.
  1651 | D:2      | Noticed Sigmund
  1736 | D:2      | Killed from afar by Sigmund

Illustrated notes

Levels and vault maps discovered:
D:1:      evilmike_arrival_rings, layout_basic, ebering_ecumenical_altar_rust,
          minmay_tromino_v4_b
D:2:      layout_basic, basic_altar, uniq_sigmund

Skill      XL: |  1  2 |
---------------+-------+-----
Long Blades    | 2 |  2.4
Armour         | 2 |  2.2
Fighting       | |  3.5
Dodging        | |  0.8
Invocations    | |  2.7

Action                   || total
-------------------------++-------
Melee: Falchion          ||    85
Invok: Depart the Abyss  ||     1
  Use: Scroll            ||     3
       Potion            ||     1
Armor: Leather armour    ||    13
Dodge: Dodged            ||    63

Table legend: (Time is in decaauts)
 A = Elapsed time spent in this place.
 B = Non-inter-level travel time spent in this place.
 C = Inter-level travel time spent in this place.
 D = Time resting spent in this place.
 E = Time spent auto-exploring this place.
 F = Levels seen in this place.
 G = Mean time per level.
                   A        B        C        D        E       F      G
               +--------+--------+--------+--------+--------+-----+--------+
         Total |   1754 |   1722 |     32 |    595 |    736 |   3 |  584.7 |
       Dungeon |   1710 |   1678 |     32 |    595 |    700 |   2 |  855.0 |
         Abyss |     44 |     44 |      0 |      0 |     36 |   1 |   44.0 |
               +--------+--------+--------+--------+--------+-----+--------+

Top non-repeatable levels by time:
     D:1: 1428 daAuts
     D:2: 281 daAuts
 Abyss:1: 44 daAuts
